 Dungeon Crawl Stone Soup version 0.24.1-5-g77f818bfca (webtiles) character file.

Game seed: 15492424711804443313, levelgen mode: deterministic

672 Peloso the Shield-Bearer (level 7, -1/60 HPs)
             Began as a Gnoll Fighter on Apr 24, 2020.
             Was a Follower of Okawaru.
             Slain by an orc warrior
             ... wielding a +0 glaive
              (14 damage)
             ... on level 6 of the Dungeon.
             The game lasted 00:08:37 (4285 turns).

Peloso the Shield-Bearer (Gnoll Fighter)            Turns: 4285, Time: 00:08:38

Health: -1/60      AC: 11    Str: 25    XL:     7   Next: 58%
Magic:  10/10      EV:  8    Int: 10    God:    Okawaru [*.....]
Gold:   262        SH: 11    Dex: 15    Spells: 11/11 levels left

rFire    . . .     SeeInvis .   a - +0 long sword
rCold    . . .     Gourm    .   c - +0 shield
rNeg     . . .     Faith    .   g - +0 chain mail
rPois    .         Spirit   .   (no helmet)
rElec    .         Reflect  .   (no cloak)
rCorr    .         Harm     .   x - +0 pair of gloves
MR       .....                  (no boots)
Stlth    ..........             (no amulet)
HPRegen  0.20/turn              v - +5 ring of strength
MPRegen  0.12/turn              (no ring)

@: starving
A: distributed training, fangs 1, strong nose
a: Heroism, Renounce Religion


You were on level 6 of the Dungeon.
You worshipped Okawaru.
Okawaru was aware of your devotion.
You were starving.

You visited 2 branches of the dungeon, and saw 7 of its levels.

You collected 262 gold pieces.

Inventory:

Hand Weapons
 a - a +0 long sword (weapon)
Armour
 b - a +0 scale mail
 c - a +0 shield (worn)
 g - a +0 chain mail (worn)
 x - a +0 pair of gloves (worn)
Jewellery
 v - a +5 ring of strength (left hand)
Scrolls
 i - 2 scrolls of amnesia {unknown}
 j - 6 scrolls of identify {unknown}
 k - 5 scrolls of remove curse {unknown}
 n - 3 scrolls of teleportation
 q - 2 scrolls of enchant armour {unknown}
 u - a scroll of random uselessness {unknown}
Potions
 d - a potion of might
 e - 3 potions of magic
 h - 3 potions of curing
 l - a potion of haste {unknown}
 m - a potion of flight {unknown}
 o - a potion of berserk rage {unknown}
 p - a potion of agility {unknown}
 r - a potion of ambrosia {unknown}
 s - a potion of heal wounds
 t - a potion of mutation {unknown}
Comestibles
 f - 12 rations


   Skills:
 + Level 7.0 Fighting
 + Level 2.5 Short Blades
 + Level 5.2 Long Blades
 + Level 2.5 Axes
 + Level 2.5 Maces & Flails
 + Level 2.5 Polearms
 + Level 2.5 Staves
 + Level 2.5 Slings
 + Level 2.5 Bows
 + Level 2.5 Crossbows
 + Level 2.5 Throwing
 + Level 7.0 Armour
 + Level 2.5 Dodging
 + Level 2.5 Stealth
 + Level 7.0 Shields
 + Level 2.5 Unarmed Combat
 + Level 2.5 Spellcasting
 + Level 2.0 Conjurations
 + Level 2.0 Hexes
 + Level 2.0 Charms
 + Level 2.0 Summonings
 + Level 2.0 Necromancy
 + Level 2.0 Translocations
 + Level 2.0 Transmutations
 + Level 2.0 Fire Magic
 + Level 2.0 Ice Magic
 + Level 2.0 Air Magic
 + Level 2.0 Earth Magic
 + Level 2.0 Poison Magic
 + Level 2.8 Invocations
 + Level 2.5 Evocations


You had 11 spell levels left.
You didn't know any spells.
Your spell library was empty.

Dungeon Overview and Level Annotations

Branches:
Dungeon (6/15)             Temple (1/1) D:4

Altars:
Ashenzari
Fedhas
Hepliaklqana
Okawaru
Qazlal
Ru
Trog
Vehumet
Wu Jian
Yredelemnul
Zin
The Shining One

Shops:
D:4 [


Innate Abilities, Weirdness & Mutations

Your experience applies equally to all skills.
You have very sharp teeth.
Your uncanny sense of smell can sniff out nearby items.


Message History

You hit the orc warrior but do no damage.
You bite the orc warrior, but do no damage.
You closely miss the orc warrior. You block the orc warrior's attack.
You hit the orc warrior but do no damage.
You bite the orc warrior, but do no damage.
The orc warrior closely misses you.
You riposte.
You closely miss the orc warrior.
You hit the orc warrior but do no damage.
Your bite misses the orc warrior. You block the orc warrior's attack.
You slash the orc warrior!
The orc warrior is heavily wounded.
The orc warrior hits you with a +0 glaive!!
You hit the orc warrior but do no damage.
The orc warrior is heavily wounded.
The orc warrior hits you with a +0 glaive!
* * * LOW HITPOINT WARNING * * *
You barely miss the orc warrior.
The orc warrior is heavily wounded.
The orc warrior hits you with a +0 glaive!
You die...

∆ # ##### ##### ∆
#.##...##### .... #
..##.<........###.#####.#
.......)...............>#
..........#.#<..#....###
#####?..#.#)>....?.###
..........#.#@#..####
#...........#.o.....#
#......######.##.##.#
#......# #.# .# ∆#
.#.#)#.. ### .# ##


You could see an orc warrior.

Vanquished Creatures
  2 ogres (D:5)
  2 centaurs (D:5)
  A jelly (D:5)
  2 orc wizards (D:5)
  A bullfrog skeleton (D:4)
  A centaur skeleton (D:5)
  An iguana (D:4)
  A worker ant (D:5)
  A hound zombie (D:5)
  A howler monkey zombie (D:5)
  3 gnolls (D:2)
  An adder (D:4)
  An ooze (D:2)
  An adder skeleton (D:6)
  3 dart slugs
  2 leopard geckos
  6 orcs
  3 giant cockroaches
  8 goblins
  9 hobgoblins
  2 quokkas
  13 bats
  3 frilled lizards
  4 kobolds
  A leopard gecko skeleton (D:4)
  8 rats
  A plant (D:4)
82 creatures vanquished.

Notes
Turn   | Place    | Note
-------+----------+-------------------------------------------
     0 | D:1      | Peloso the Gnoll Fighter began the quest for the Orb.
     0 | D:1      | Reached XP level 1. HP: 23/23 MP: 1/1
   102 | D:1      | Reached XP level 2. HP: 29/29 MP: 2/2
   229 | D:1      | You fall into a shaft and drop 1 floor!
   236 | D:2      | Found a faded altar of an unknown god.
   318 | D:2      | Reached XP level 3. HP: 35/35 MP: 3/3
   686 | D:2      | Found a shattered altar of Ashenzari.
   693 | D:2      | Found a glowing silver altar of Zin.
  1051 | D:2      | Reached skill level 1 in Invocations
  1054 | D:2      | Reached skill level 1 in Short Blades
  1054 | D:2      | Reached skill level 1 in Axes
  1054 | D:2      | Reached skill level 1 in Maces & Flails
  1054 | D:2      | Reached skill level 1 in Polearms
  1054 | D:2      | Reached skill level 1 in Staves
  1054 | D:2      | Reached skill level 1 in Slings
  1054 | D:2      | Reached skill level 1 in Bows
  1054 | D:2      | Reached skill level 1 in Crossbows
  1054 | D:2      | Reached skill level 1 in Throwing
  1054 | D:2      | Reached skill level 1 in Dodging
  1054 | D:2      | Reached skill level 1 in Stealth
  1054 | D:2      | Reached skill level 1 in Unarmed Combat
  1054 | D:2      | Reached skill level 1 in Spellcasting
  1054 | D:2      | Reached skill level 1 in Evocations
  1062 | D:2      | Reached XP level 4. HP: 14/41 MP: 5/5
  1958 | D:3      | Reached skill level 1 in Conjurations
  1958 | D:3      | Reached skill level 1 in Hexes
  1958 | D:3      | Reached skill level 1 in Charms
  1958 | D:3      | Reached skill level 1 in Summonings
  1958 | D:3      | Reached skill level 1 in Necromancy
  1958 | D:3      | Reached skill level 1 in Translocations
  1958 | D:3      | Reached skill level 1 in Transmutations
  1958 | D:3      | Reached skill level 1 in Fire Magic
  1958 | D:3      | Reached skill level 1 in Ice Magic
  1958 | D:3      | Reached skill level 1 in Air Magic
  1958 | D:3      | Reached skill level 1 in Earth Magic
  1958 | D:3      | Reached skill level 1 in Poison Magic
  2235 | D:4      | Found a staircase to the Ecumenical Temple.
  2242 | D:4      | Reached XP level 5. HP: 36/47 MP: 5/7
  2253 | Temple   | Entered the Ecumenical Temple
  2274 | Temple   | Became a worshipper of Warmaster Okawaru
  2380 | D:4      | Found Luarchabb's Armour Boutique.
  2753 | D:5      | Entered Level 5 of the Dungeon
  2755 | D:5      | Noticed a centaur
  2765 | D:5      | Killed a centaur
  2765 | D:5      | Reached XP level 6. HP: 34/53 MP: 8/8
  2781 | D:5      | Reached * piety under Okawaru
  2781 | D:5      | Reached skill level 5 in Long Blades
  3131 | D:5      | Reached XP level 7. HP: 59/59 MP: 10/10
  3535 | D:5      | HP: 3/60 [poisoned by an orc wizard]
  4285 | D:6      | Slain by an orc warrior

Levels and vault maps discovered:
D:1:      minmay_arrival_split_and_join, layout_rooms, amethyst_killhole,
          minmay_tromino_v4_c
D:2:      layout_basic, amethyst_overflow_temple_binary,
          chequers_ecumenical_altar_simple_redux
D:3:      layout_basic
D:4:      layout_gridville, minmay_temple_entry_stoned_glass, serial_shops,
          shop, serial_forest, infiniplex_forest_clump_curved,
          infiniplex_forest_clump_C, infiniplex_forest_clump_double,
          infiniplex_forest_side_room, infiniplex_forest_lined_2, first_ration
D:5:      layout_layer_cave, palyth_stone_intersect
D:6:      layout_basic, cheibrodos_sewer_entry_bend
Temple:   minmay_temple_bridge_abc

Skill      XL: |  1  2  3  4  5  6  7 |
---------------+----------------------+-----
Invocations    | 1 2 |  2.8
Short Blades   | 1 2 |  2.5
Axes           | 1 2 |  2.5
Maces & Flails | 1 2 |  2.5
Polearms       | 1 2 |  2.5
Staves         | 1 2 |  2.5
Slings         | 1 2 |  2.5
Bows           | 1 2 |  2.5
Crossbows      | 1 2 |  2.5
Throwing       | 1 2 |  2.5
Dodging        | 1 2 |  2.5
Stealth        | 1 2 |  2.5
Unarmed Combat | 1 2 |  2.5
Spellcasting   | 1 2 |  2.5
Evocations     | 1 2 |  2.5
Conjurations   | 1 2 |  2.0
Hexes          | 1 2 |  2.0
Charms         | 1 2 |  2.0
Summonings     | 1 2 |  2.0
Necromancy     | 1 2 |  2.0
Translocations | 1 2 |  2.0
Transmutations | 1 2 |  2.0
Fire Magic     | 1 2 |  2.0
Ice Magic      | 1 2 |  2.0
Air Magic      | 1 2 |  2.0
Earth Magic    | 1 2 |  2.0
Poison Magic   | 1 2 |  2.0
Long Blades    | 5 |  5.2
Fighting       | 7 |  7.0
Armour         | 7 |  7.0
Shields        | 7 |  7.0

Action                   |  1- 3 |  4- 6 |  7- 9 || total
-------------------------+-------+-------+-------++-------
Melee: Long sword        |    97 |   153 |    60 ||   310
       Bite              |    14 |    28 |    12 ||    54
  Use: Potion            |     3 |       |     1 ||     4
       Scroll            |     2 |       |       ||     2
  Eat: Chunk             |       |     6 |     3 ||     9
Armor: Scale mail        |     9 |       |       ||     9
       Chain mail        |    29 |    78 |    34 ||   141
Dodge: Dodged            |    23 |    38 |    20 ||    81
Block: Shield            |    62 |    83 |    59 ||   204
       Rpst.: Long sword |     6 |    16 |     3 ||    25
